 Dungeon Crawl Stone Soup version 0.28.0 (webtiles) character file.

Game seed: 16917645898738014216

1678 jlumianski the Firebug (level 9, -4/71 HPs)
             Began as a Hill Orc Fire Elementalist on Feb 15, 2022.
             Slain by a vampire mosquito (11 damage)
             ... on level 6 of the Dungeon.
             The game lasted 00:36:14 (6718 turns).

jlumianski the Firebug (Hill Orc Fire Elementalist) Turns: 6718, Time: 00:36:21

Health: -4/71      AC:  4    Str: 15    XL:     9   Next: 1%
Magic:  16/16      EV: 12    Int: 15    God:
Gold:   188        SH:  0    Dex: 11    Spells: 11/17 levels left

rFire   . . .      SeeInvis .   d - +3 short sword (venom)
rCold   . . .      Faith    .   (no shield)
rNeg    + . .      Spirit   .   e - +1 robe {rN+}
rPois   .          Reflect  .   (no helmet)
rElec   .          Harm     .   (no cloak)
rCorr   .          Rampage  .   (no gloves)
Will    .....                   (no boots)
Stlth   ++........              l - amulet of regeneration
HPRegen 1.01/turn               (no ring)
MPRegen 0.15/turn               (no ring)

@: about to teleport
A: talons 1, shaggy fur 1
a: no special abilities


You were on level 6 of the Dungeon.
You visited 1 branch of the dungeon, and saw 7 of its levels.

You collected 314 gold pieces.
You spent 126 gold pieces at shops.

Inventory:

Hand Weapons
 d - a +3 short sword of venom (weapon)
 f - a +1 dagger of venom
 t - a +2 vorpal hunting sling
 x - a +0 war axe
Missiles
 b - 213 stones
 h - 14 poisoned darts (quivered)
 r - 80 sling bullets
 v - 20 bolts
Armour
 a - a +0 robe
 c - a +0 leather armour
 e - a +1 robe of positive energy (worn)
 w - a +0 tower shield
 z - a +0 buckler
Jewellery
 i - a ring of fire
 l - an amulet of regeneration (around neck)
 y - a ring of flight
Scrolls
 g - 3 scrolls of amnesia
 k - 3 scrolls of enchant armour
 n - a scroll of fog
Potions
 j - a potion of might
 m - a potion of brilliance
 o - a potion of magic
 s - a potion of mutation
 u - a potion of degeneration


   Skills:
 + Level 4.0 Fighting
 + Level 3.7 Short Blades
 + Level 0.7 Throwing
 + Level 0.1 Armour
 + Level 3.2 Dodging
 + Level 3.1 Stealth
 + Level 4.6 Spellcasting
 + Level 1.9 Conjurations
 + Level 7.1 Fire Magic


You had 11 spell levels left.
You knew the following spells:

 Your Spells              Type           Power      Damage    Failure   Level
a - Foxfire               Conj/Fire      68%        2x1d7     2%          1
b - Scorch                Fire           50%        2d7       1%          2
c - Conjure Flame         Conj/Fire      17%        6-21      8%          3

Your spell library contained the following spells:

 Spells                   Type           Power      Damage    Failure   Level
 Inner Flame              Hex/Fire       14%        N/A       12%         3
 Flame Wave               Conj/Fire      17%        2d6       26%         4
 Confusing Touch          Hex            3%         N/A       45%         3
 Gell's Gravitas          Tloc           3%         N/A       45%         3
 Lesser Beckoning         Tloc           3%         N/A       45%         3
 Portal Projectile        Hex/Tloc       6%         N/A       45%         3
 Teleport Other           Tloc           3%         N/A       45%         3
 Blade Hands              Tmut           1%         N/A       99%         5
 Excruciating Wounds      Necr           1%         N/A       99%         5
 Yara's Violent Unravell  Hex/Tmut       1%         3d3       99%         5
 Enfeeble                 Hex            1%         N/A       100%        7


Dungeon Overview and Level Annotations

Branches:
Dungeon (7/15)             Temple (0/1) D:6

Altars:
Dithmenos
Elyvilon
Ru
Sif Muna
Xom

Shops:
D:1 [   D:2 ?


Innate Abilities, Weirdness & Mutations

You have sharp toenails.
You are covered in fur. (AC +1)


Message History

There is a stone staircase leading up, spattered with blood here.
The vampire mosquito bites you but does no damage. x2
The vampire mosquito bites you.
The vampire mosquito draws strength from your injuries!
You climb upwards.
There is a stone staircase leading down, spattered with blood here.
The vampire mosquito bites you.
The vampire mosquito draws strength from your injuries!
The vampire mosquito bites you.
The vampire mosquito draws strength from your injuries!
The vampire mosquito bites you.
The vampire mosquito draws strength from your injuries!
The vampire mosquito bites you but does no damage.
The vampire mosquito barely misses you.
You closely miss the vampire mosquito. The vampire mosquito bites you.
The vampire mosquito draws strength from your injuries!
The vampire mosquito closely misses you.
The vampire mosquito bites you.
You closely miss the vampire mosquito. You claw the vampire mosquito.
The vampire mosquito is moderately damaged.
The vampire mosquito bites you. The vampire mosquito bites you!
* * * LOW HITPOINT WARNING * * *
The vampire mosquito completely misses you.
The vampire mosquito bites you.
* * * LOW HITPOINT WARNING * * *
The vampire mosquito draws strength from your injuries!
As you read the scroll of teleportation, it crumbles to dust.
You feel strangely unstable. The vampire mosquito bites you.
* * * LOW HITPOINT WARNING * * *
The vampire mosquito closely misses you.
The vampire mosquito barely misses you. The vampire mosquito bites you!
* * * LOW HITPOINT WARNING * * *
The vampire mosquito draws strength from your injuries!
You feel better.
The vampire mosquito closely misses you. x2
The vampire mosquito bites you.
* * * LOW HITPOINT WARNING * * *
The vampire mosquito draws strength from your injuries!
The vampire mosquito bites you!
You die...

..###...#[........##.#
#.###†#.#.######..##.#
....#.#.#......#..##.#
#.#.#.#......#.#.....#
#...#.######.#...#####
##....#......†>###
........##...#.#
##......##...#.###
+............#.y@#
...###.##....###y#
.#.............#.#
.#...##......#.#.#
###........#.#.#.#
...........#.#.#.#
....#...#..#.#.#.#
.>..###....#.#...#
....#......#.#####


You could see 2 vampire mosquitoes.

Vanquished Creatures
  A vampire mosquito (D:6)
  3 water moccasins (D:7)
  An orc warrior (D:5)
  2 sky beasts (D:6)
  An ice beast (D:6)
  A necrophage (D:4)
  A kobold brigand (D:7)
  A water moccasin zombie (D:7)
  A centaur zombie (D:6)
  2 jellies
  4 hounds
  3 iguanas
  A bullfrog skeleton (D:5)
  4 orc wizards
  A scorpion zombie (D:5)
  A hound skeleton (D:4)
  A howler monkey zombie (D:6)
  6 adders
  4 gnolls (D:5)
  A shadow imp (D:5)
  2 worms (D:3)
  4 dart slugs (D:1)
  6 orcs
  4 bats
  5 endoplasms
  4 giant cockroaches
  4 goblins
  12 hobgoblins
  7 jackals
  5 quokkas
  4 ball pythons
  2 frilled lizards (D:2)
  8 kobolds
107 creatures vanquished.

Vanquished Creatures (collateral kills)
  A foxfire (D:2)
1 creature vanquished.

Vanquished Creatures (others)
  101 foxfires
  33 plants (D:1)
134 creatures vanquished.

Grand Total: 242 creatures vanquished

Notes
Turn   | Place    | Note
-------+----------+-------------------------------------------
     0 | D:1      | jlumianski the Hill Orc Fire Elementalist began the quest
                  | for the Orb.
     0 | D:1      | Reached XP level 1. HP: 14/14 MP: 3/3
   147 | D:1      | Reached XP level 2. HP: 11/20 MP: 1/4
   356 | D:2      | Found Yquull's Magic Scroll Shoppe.
   482 | D:1      | Found Zamnuxt's Armour Boutique.
   535 | D:1      | Learned a level 2 spell: Scorch
   694 | D:1      | Found a faded altar of an unknown god.
   709 | D:1      | Reached skill level 4 in Fire Magic
   799 | D:1      | Reached XP level 3. HP: 26/26 MP: 1/5
  1463 | D:3      | Found a white marble altar of Elyvilon.
  1557 | D:2      | Bought a scroll of identify for 28 gold pieces
  1600 | D:2      | Reached XP level 4. HP: 33/33 MP: 6/6
  1900 | D:2      | Learned a level 3 spell: Conjure Flame
  2359 | D:3      | Found a sacrificial altar of Ru.
  2413 | D:3      | Found a shadowy altar of Dithmenos.
  2463 | D:3      | Reached skill level 1 in Short Blades
  2674 | D:2      | Bought a scroll of teleportation for 42 gold pieces
  2674 | D:2      | Bought a scroll of identify for 28 gold pieces
  2674 | D:2      | Bought a scroll of identify for 28 gold pieces
  2809 | D:4      | Noticed a necrophage
  2821 | D:4      | Killed a necrophage
  2822 | D:4      | Reached skill level 1 in Fighting
  2822 | D:4      | Reached XP level 5. HP: 37/40 MP: 2/8
  2889 | D:4      | Reached XP level 6. HP: 32/47 MP: 7/9
  3465 | D:4      | Reached skill level 5 in Fire Magic
  3596 | D:5      | Entered Level 5 of the Dungeon
  3752 | D:5      | Gained mutation: You are covered in fur. (AC +1) [potion of
                  | mutation]
  3752 | D:5      | Gained mutation: You have sharp toenails. [potion of
                  | mutation]
  3830 | D:6      | Found a shimmering altar of Xom.
  4112 | D:5      | Reached XP level 7. HP: 52/52 MP: 4/11
  5217 | D:7      | Reached skill level 6 in Fire Magic
  5247 | D:7      | Reached XP level 8. HP: 51/61 MP: 8/13
  6137 | D:6      | Found a shimmering blue altar of Sif Muna.
  6374 | D:6      | Found a staircase to the Ecumenical Temple.
  6663 | D:6      | Reached skill level 7 in Fire Magic
  6663 | D:6      | Reached XP level 9. HP: 26/71 MP: 10/16
  6717 | D:6      | HP: 1/71 [vampire mosquito (9)]
  6718 | D:6      | Slain by a vampire mosquito

Illustrated notes

Levels and vault maps discovered:
D:1:      dpeg_arrival_morbid_curiosity, layout_basic, basic_ecumenical_altar,
          serial_shops, nicolae_shop_hallway_plus, serial_bayou,
          serial_bayou_lake_a, serial_bayou_pond_d, serial_bayou_pond_d,
          serial_bayou_lagoon_a, serial_bayou_ford_a, minmay_ruptured
D:2:      layout_basic, serial_shops, shop, minmay_hedge_maze
D:3:      layout_rooms, nicolae_ru_awakened_eye, lemuel_round_altar,
          lemuel_tele_altar, minmay_crystal_room
D:4:      layout_rooms
D:5:      layout_loops_corners, fountainhead,
          hangedman_abyss_or_decor_lesser_grid
D:6:      layout_basic, nicolae_sif_muna_little_library, lemuel_crystal_altar,
          minmay_temple_entry_tees, kennysheep_generic_room_7
D:7:      layout_loops_corners, serial_shops, shop, nicolae_take_the_stairs,
          uniq_pikel, uniq_maggie

Skill      XL: |  1  2  3  4  5  6  7  8 |
---------------+-------------------------+-----
Fire Magic     | 4 5 6 7 |  7.1
Spellcasting   | 2 3 4 |  4.6
Short Blades   | 1 2 3 |  3.7
Stealth        | 2 3 |  3.1
Fighting       | 1 2 4 |  4.0
Dodging        | 2 3 |  3.2
Throwing       | |  0.7
Armour         | |  0.1
Conjurations   | |  1.9

Action                   |  1- 3 |  4- 6 |  7- 9 || total
-------------------------+-------+-------+-------++-------
Melee: Short sword       |    27 |    84 |   102 ||   213
       Unarmed           |     1 |       |       ||     1
       Punch             |     1 |     2 |     1 ||     4
       Kick              |       |     4 |    19 ||    23
Throw: Dart              |       |       |     1 ||     1
 Cast: Foxfire           |    17 |    29 |     9 ||    55
       Scorch            |     3 |    16 |    33 ||    52
       Conjure Flame     |       |       |     2 ||     2
  Use: Scroll            |     2 |     8 |     4 ||    14
       Potion            |       |     1 |     1 ||     2
 Stab: Sleeping          |     1 |     6 |       ||     7
Armor: Robe              |     1 |    28 |    36 ||    65
Dodge: Dodged            |    14 |    75 |    87 ||   176
